 Dungeon Crawl Stone Soup version 0.30-a0-322-g102857c98e (webtiles) character file.

Game seed: 226535823129323820

5366 Pooter the Cleaver (level 10, 0/138 HPs)
             Began as a Minotaur Berserker on Oct 27, 2022.
             Was an Elder of Trog.
             Slain by a wyvern (8 damage)
             ... on level 9 of the Dungeon on Oct 28, 2022.
             The game lasted 00:37:04 (7885 turns).

Pooter the Cleaver (Minotaur Berserker)             Turns: 7885, Time: 00:37:04

Health: 0/138      AC:  8    Str: 27    XL:     10   Next: 39%
Magic:  9/9        EV:  7    Int:  4    God:    Trog [****..]
Gold:   285        SH:  6    Dex:  9    Spells: 9/9 levels left

rFire   . . .      SeeInvis .    a - +3 war axe (freeze)
rCold   . . .      Faith    .    C - +0 kite shield
rNeg    . . .      Spirit   .    g - +3 chain mail
rPois   +          Reflect  .    (helmet restricted)
rElec   .          Harm     .    e - +0 cloak
rCorr   .          Rampage  .    i - +1 pair of gloves
Will    .....                    B - +0 pair of boots
Stlth   ..........               c - amulet of the acrobat
HPRegen 0.43/turn                P - ring of poison resistance
MPRegen 0.11/turn                (no ring)

@: berserking, corroded, very quick
A: horns 2, retaliatory headbutt
a: Renounce Religion, Berserk, Trog's Hand, Brothers in Arms


You were on level 9 of the Dungeon.
You worshipped Trog.
Trog was greatly pleased with you.
You visited 1 branch of the dungeon, and saw 9 of its levels.
You also visited: Sewer.

You collected 470 gold pieces.
You spent 185 gold pieces at shops.

Inventory:

Hand Weapons
 a - a +3 war axe of freezing (weapon)
   (You took it off Blork the orc on level 4 of the Dungeon)
 b - a +4 sling of freezing
   (You took it off Joseph on level 8 of the Dungeon)
 z - a +2 war axe
   (You found it on level 4 of the Dungeon)
 D - a +6 sling
   (You bought it in a shop on level 3 of the Dungeon)
Missiles
 d - 3 throwing nets {!f}
 j - 14 boomerangs (quivered)
 q - 37 poisoned darts
 G - a curare-tipped dart
 H - 5 javelins
 Q - 95 stones
Armour
 e - a +0 cloak (worn)
   (You found it on level 2 of the Dungeon)
 g - a +3 chain mail (worn)
   (You found it on level 1 of the Dungeon)
 i - a +1 pair of gloves (worn)
   (You found it on level 8 of the Dungeon)
 B - a +0 pair of boots (worn)
   (You found it on level 5 of the Dungeon)
 C - a +0 kite shield (worn)
   (You found it on level 6 of the Dungeon)
Jewellery
 c - an amulet of the acrobat (around neck)
   (You found it on level 1 of the Dungeon)
 P - a ring of poison resistance (left hand)
   (You found it on level 1 of the Dungeon)
Wands
 u - a wand of paralysis (11)
   (You took it off Ijyb on level 4 of the Dungeon)
 v - a wand of quicksilver (10)
   (You took it off Grinder on level 3 of the Dungeon)
 y - a wand of polymorph (5)
   (You found it on level 6 of the Dungeon)
Scrolls
 f - 2 scrolls of blinking
 m - 2 scrolls of silence
 n - 4 scrolls of butterflies
 p - 4 scrolls of fear
 t - 4 scrolls of teleportation {@r4}
 F - a scroll of immolation {unknown}
 I - a scroll of torment {unknown}
Potions
 h - a potion of heal wounds {unknown}
 k - a potion of cancellation
 l - 4 potions of curing {@q1}
 o - a potion of lignification {unknown}
 r - 2 potions of mutation {!q}
 s - a potion of attraction {unknown}
 w - 3 potions of ambrosia {unknown}
 x - a potion of berserk rage {unknown}
 A - a potion of resistance {unknown}
 E - 2 potions of brilliance {unknown}


   Skills:
 + Level 9.6 Fighting
 * Level 13.0 Axes
 + Level 7.6 Ranged Weapons
 - Level 2.4 Armour
 - Level 2.1 Dodging
 + Level 4.2 Evocations


You had 9 spell levels left.
You didn't know any spells.
Your spell library was empty.

Dungeon Overview and Level Annotations

Branches:
Dungeon (9/15)             Temple (0/1) D:6             Orc (0/2) D:9
  Sewer (visited)
   Lair: D:8-11

Altars:
Dithmenos
Gozag
Kikubaaqudgha
Nemelex Xobeh
Ru
Sif Muna
Xom
The Shining One

Shops:
D:2 *   D:3 (

Portals:
Bailey: D:9

Annotations:
D:7 2 runed translucent doors, exclusion: orange crystal statue


Innate Abilities, Weirdness & Mutations

You have a pair of horns on your head.
You reflexively headbutt those who attack you in melee.


Message History

You open the door.
Found 12 gold pieces.
There is an open door here.
You now have 285 gold pieces (gained 12).
You recover from your berserk rage.
You open the door.
Found a flagged portal.
There is an open door here.
There is an open door here.
You open the door.
There is an open door here.
An acid dragon comes into view.
The acid dragon roars!
The acid dragon spits acid at you. The splash of acid hits you!!
A wyvern comes into view.
The wyvern hisses angrily.
The acid dragon spits acid at you. The splash of acid hits you!
The acid corrodes you! You block the wyvern's attack.
You barely miss the wyvern. Your headbutt misses the wyvern.
The wyvern completely misses you.
The wyvern bites you but does no damage.
You slash the acid dragon! You freeze the acid dragon! You hit the wyvern.
You freeze the wyvern.
You hear the faint creaking of a portcullis very nearby.
The wyvern barely misses you. The acid dragon spits acid at you.
The splash of acid hits you!!
* * * LOW HITPOINT WARNING * * *
The acid corrodes you!
A red film seems to cover your vision as you go berserk!
You feel yourself moving faster!
You feel mighty! The wyvern bites you.
* * * LOW HITPOINT WARNING * * *
The wyvern closely misses you. The acid dragon bites you.
* * * LOW HITPOINT WARNING * * *
The acid dragon claws you but does no damage.
You slash the acid dragon! You freeze the acid dragon.
You kill the acid dragon!
Trog accepts your kill.
The acid dragon scales are intact enough to wear.
You hit the wyvern but do no damage. The wyvern bites you.
* * * LOW HITPOINT WARNING * * *
You closely miss the wyvern. You block the wyvern's attack.
You completely miss the wyvern. You headbutt the wyvern. The wyvern bites you!
* * * LOW HITPOINT WARNING * * *
You closely miss the wyvern. The wyvern bites you.
* * * LOW HITPOINT WARNING * * *
You hit the wyvern. You freeze the wyvern. The wyvern bites you!
You die...

*,,,,,,,,,,,* ####'###
*,,,,,,,,,,,* #.#
*****+******* #.# *,,*
#.# #,** #.# ##.####*
####.###### #......*
###..........
#.....[#####...##.######
#.....l@.....####.#
#......####### #.#
#......* #.# #......*
#.# #......* #.#
#......* *.# ###.###*
**,* *..* *,,*
***,******** *,**


You could see a wyvern.

Vanquished Creatures
  Pikel (D:7)
  Joseph (D:8)
  A gargoyle (D:9)
  3 kobold demonologists (D:8)
  Grinder (D:3)
  A steam dragon (D:9)
  An acid dragon (D:9)
  An orc warrior (D:7)
  A sky beast (D:6)
  3 ogres
  3 phantoms
  A lemure (D:7)
  5 kobold brigands
  Blork the orc (D:4)
  2 necrophages
  6 bullfrogs
  4 wights (D:7)
  3 killer bees (D:9)
  2 howler monkeys
  3 crimson imps (D:8)
  2 hounds (D:5)
  3 orc priests (D:8)
  3 gnoll boudas
  6 orc wizards
  Ijyb (D:4)
  7 iguanas
  14 gnolls
  8 adders
  A river rat (Sewer)
  A shadow imp (D:6)
  2 white imps
  An ufetubus (D:3)
  8 worms
  A dart slug (D:5)
  24 orcs
  14 ball pythons
  14 endoplasms
  5 giant cockroaches
  12 goblins
  5 hobgoblins
  10 jackals
  17 kobolds
  8 quokkas
  4 bats
  2 frilled lizards
  8 rats
225 creatures vanquished.

Vanquished Creatures (others)
  13 plants (D:3)
13 creatures vanquished.

Grand Total: 238 creatures vanquished

Notes
Turn   | Place    | Note
-------+----------+-------------------------------------------
     0 | D:1      | Pooter the Minotaur Berserker began the quest for the Orb.
     0 | D:1      | Reached XP level 1. HP: 19/19 MP: 0/0
   105 | D:1      | Reached skill level 4 in Axes
   176 | D:1      | Reached XP level 2. HP: 27/27 MP: 1/1
   865 | D:2      | Reached XP level 3. HP: 31/33 MP: 2/2
   938 | D:2      | Found Kyg Tog's Assorted Antiques.
  1014 | D:2      | Bought a puce potion for 26 gold pieces
  1014 | D:2      | Bought a murky clear potion for 26 gold pieces
  1067 | D:2      | Reached skill level 5 in Axes
  1110 | D:2      | Reached ** piety under Trog
  1239 | D:2      | Bought a sling for 43 gold pieces
  1318 | D:3      | Reached XP level 4. HP: 36/41 MP: 3/3
  1464 | D:3      | Reached skill level 1 in Ranged Weapons
  1656 | D:3      | Noticed Grinder
  1702 | D:3      | Killed Grinder
  1703 | D:3      | Reached skill level 5 in Fighting
  1703 | D:3      | Reached skill level 6 in Axes
  1703 | D:3      | Reached XP level 5. HP: 48/48 MP: 4/4
  1703 | D:3      | Reached XP level 6. HP: 56/56 MP: 5/5
  1899 | D:3      | Found Imnecad's Antique Weapon Emporium.
  2368 | D:4      | Reached skill level 7 in Axes
  2549 | D:4      | Noticed Ijyb
  2550 | D:4      | Paralysed by Ijyb for 3 turns
  2559 | D:4      | Killed Ijyb
  2612 | D:4      | Found a glowing golden altar of the Shining One.
  2640 | D:4      | You fall into a shaft and drop 2 floors!
  2670 | D:5      | Entered Level 5 of the Dungeon
  2862 | D:4      | Found a glowing drain.
  2866 | Sewer    | Entered a sewer
  3010 | Sewer    | Reached *** piety under Trog
  3102 | Sewer    | Reached XP level 7. HP: 62/62 MP: 6/6
  3419 | Sewer    | Reached skill level 8 in Axes
  4126 | D:4      | Noticed Blork the orc
  4134 | D:4      | Killed Blork the orc
  4443 | D:5      | Reached skill level 9 in Axes
  4443 | D:5      | Reached XP level 8. HP: 61/71 MP: 7/7
  4695 | D:5      | Reached skill level 5 in Ranged Weapons
  4850 | D:3      | Bought a glowing sling for 90 gold pieces
  5296 | D:6      | Reached skill level 10 in Axes
  5362 | D:6      | Found a staircase to the Ecumenical Temple.
  5775 | D:6      | Found a sacrificial altar of Ru.
  5908 | D:6      | Found a shadowy altar of Dithmenos.
  5940 | D:6      | Found a sparkling altar of Nemelex Xobeh.
  6244 | D:7      | Reached skill level 1 in Evocations
  6249 | D:7      | Reached XP level 9. HP: 81/81 MP: 8/8
  6385 | D:6      | Reached **** piety under Trog
  6626 | D:7      | Found an ancient bone altar of Kikubaaqudgha.
  6630 | D:7      | Noticed Pikel
  6637 | D:7      | Killed Pikel
  6638 | D:7      | Reached skill level 11 in Axes
  6694 | D:7      | Found a runed translucent door.
  6694 | D:7      | Noticed an orange crystal statue
  6705 | D:7      | Found the +10 tower shield of Ignorance {rN+ Int-4}
  6722 | D:7      | Found a runed translucent door.
  6778 | D:7      | Found a shimmering blue altar of Sif Muna.
  7064 | D:8      | Found an opulent altar of Gozag.
  7090 | D:8      | Noticed a kobold demonologist
  7092 | D:8      | Noticed a kobold demonologist
  7095 | D:8      | Noticed Joseph
  7096 | D:8      | Noticed a red devil
  7096 | D:8      | Noticed a kobold demonologist
  7100 | D:8      | Killed a kobold demonologist
  7103 | D:8      | Killed a kobold demonologist
  7104 | D:8      | Reached skill level 12 in Axes
  7112 | D:8      | Killed a kobold demonologist
  7113 | D:8      | Reached XP level 10. HP: 45/91 MP: 9/9
  7192 | D:8      | Killed Joseph
  7600 | D:8      | Found a shimmering altar of Xom.
  7795 | D:9      | Noticed a gargoyle
  7801 | D:9      | Killed a gargoyle
  7820 | D:9      | Reached skill level 13 in Axes
  7852 | D:9      | Found a flagged portal.
  7885 | D:9      | Slain by a wyvern

Illustrated notes

Levels and vault maps discovered:
D:1:      lemuel_arrival_broad_hall, layout_loops_ring
D:2:      layout_basic, serial_shops, nicolae_diamond_shop
D:3:      layout_rooms, serial_shops, nicolae_diamond_shop, serial_bayou,
          serial_bayou_pond_d, serial_bayou_pond_e, serial_bayou_lagoon_a,
          serial_bayou_shore_a, minmay_quadrilaterals, uniq_grinder
D:4:      layout_loops_corners, mainiacjoe_overflow_boulevard,
          gup_sewer_entry_bowl, kennysheep_generic_room_12, uniq_ijyb,
          uniq_blork_the_orc
D:5:      layout_loops_ring
D:6:      layout_loops_cross, lemuel_coloured_pillars_altar,
          nemelex_spade_bored_becter, nicolae_ru_sacrificial_ziggurat,
          minmay_temple_entry_glassed_door
D:7:      layout_basic, kennysheep_mini, nicolae_overflow_hidden_temple,
          chequers_guarded_unrand_ignorance, uniq_pikel
D:8:      layout_cave_pools, led_xom_imps, grunt_gozag_breadcrumbs, uniq_joseph
D:9:      layout_roguey, grunt_temple_overflow_open, orc_0_dummy, enter_bailey_8

Skill      XL: |  1  2  3  4  5  6  7  8  9 10 |
---------------+-------------------------------+-----
Axes           | 4 5 6 7 9 10 12 13 | 13.0
Fighting       | 4 5 6 7 9 |  9.6
Ranged Weapons | 2 3 4 5 7 |  7.6
Evocations     | 1 3 4 |  4.2
Armour         | |  2.4
Dodging        | |  2.1

Action                   |  1- 3 |  4- 6 |  7- 9 | 10-12 || total
-------------------------+-------+-------+-------+-------++-------
Melee: Hand axe          |    85 |    83 |       |       ||   168
       Headbutt          |     8 |    19 |    35 |     4 ||    66
       Punch             |     1 |     2 |     4 |       ||     7
       War axe           |       |    53 |   268 |    49 ||   370
 Fire: Sling             |       |    27 |    16 |    11 ||    54
Throw: Boomerang         |       |       |     9 |       ||     9
Invok: Berserk           |     1 |     5 |    10 |     4 ||    20
       Trog's Hand       |       |       |     4 |     1 ||     5
Evoke: Wand              |       |       |     1 |     1 ||     2
  Use: Scroll            |     4 |     5 |    12 |     2 ||    23
Armor: Animal skin       |     9 |       |       |       ||     9
       Chain mail        |    25 |    79 |   125 |    17 ||   246
Dodge: Dodged            |    53 |    70 |    96 |    23 ||   242
Block: Kite shield       |       |       |    30 |    12 ||    42

Table legend: (Time is in decaauts)
 A = Elapsed time spent in this place.
 B = Non-inter-level travel time spent in this place.
 C = Inter-level travel time spent in this place.
 D = Time resting spent in this place.
 E = Time spent auto-exploring this place.
 F = Levels seen in this place.
 G = Mean time per level.
                   A        B        C        D        E       F      G
               +--------+--------+--------+--------+--------+-----+--------+
         Total |   8296 |   7924 |    372 |   1104 |   4862 |  10 |  829.6 |
       Dungeon |   7349 |   6977 |    372 |    953 |   4298 |   9 |  816.6 |
         Sewer |    947 |    947 |      0 |    151 |    564 |   1 |  947.0 |
               +--------+--------+--------+--------+--------+-----+--------+

Top non-repeatable levels by time:
     D:4: 1396 daAuts
     D:6: 1082 daAuts
     D:3: 1044 daAuts
   Sewer: 947 daAuts
     D:5: 863 daAuts
     D:1: 860 daAuts
     D:8: 783 daAuts
     D:7: 698 daAuts
     D:2: 464 daAuts
     D:9: 155 daAuts
